[ AOE2 MATCH · #504790895 ]
UnrankedSaracens vs Spanish
Player's team · WIN
Rival team · LOSS
[ REPLAY ANALYSIS · EXTRACTED FROM THE RECORDED GAME ]
Feudal
—
Castle
—
Imperial
—
| APM avg | 58.4 |
| APM peak | 104 |
| eAPM avg | 21.9 |
| Villagers / military | 25 / 0 |
Focus
⚔️ 28.9% · 🌾 71.1%
Feudal
—
Castle
—
Imperial
—
| APM avg | 56.1 |
| APM peak | 72 |
| eAPM avg | 20.7 |
| Villagers / military | 26 / 5 |
Focus
⚔️ 48.1% · 🌾 51.9%
Militia ×5
Match map
Initial resources + every placement click. Lines = walls · curves = elevation contours. ◆ gold · ⬟ stone · ● berries · ✦ relic · ◌ wall gap
Your base
DYN_BenderGC's base
Smoothed initial terrain · ◌ = detected wall gap · hover for details
Inputs per minute
— avlid - - DYN_BenderGC
Build order — avlid
36 actions detected in the replay
| 0:00 | Create | Villager (Male) |
| 0:01 | Create | Villager (Male) |
| 0:03 | Build | House |
| 0:17 | Create | Villager (Male) |
| 0:17 | Create | Villager (Male) |
| 1:05 | Create | Villager (Male) |
| 1:06 | Create | Villager (Male) |
| 1:58 | Create | Villager (Male) |
| 1:58 | Create | Villager (Male) |
| 2:08 | Build | Lumber Camp |
| 2:24 | Create | Villager (Male) |
| 2:24 | Create | Villager (Male) |
| 2:50 | Research | Loom |
| 2:55 | Build | House |
| 3:18 | Create | Villager (Male) |
| 3:18 | Create | Villager (Male) |
| 3:54 | Create | Villager (Male) |
| 4:13 | Create | Villager (Male) |
| 4:13 | Create | Villager (Male) |
| 4:35 | Create | Villager (Male) |
| 4:44 | Build | House |
| 4:50 | Create | Villager (Male) |
| 4:50 | Create | Villager (Male) |
| 4:57 | Create | Villager (Male) |
| 4:58 | Create | Villager (Male) |
| 5:16 | Create | Villager (Male) |
| 5:16 | Create | Villager (Male) |
| 5:47 | Build | House |
| 5:52 | Create | Villager (Male) |
| 6:38 | Create | Villager (Male) |
| 6:40 | Build | Barracks |
| 7:13 | Create | Villager (Male) |
| 7:19 | Build | House |
| 7:20 | Build | Palisade Wall |
| 7:41 | Research | Feudal Age |
| 8:54 | Build | Mill |
Build order — DYN_BenderGC
45 actions detected in the replay
| 0:00 | Create | Villager (Male) |
| 0:02 | Build | House |
| 0:03 | Build | House |
| 0:09 | Create | Villager (Male) |
| 0:11 | Create | Villager (Male) |
| 0:15 | Create | Villager (Male) |
| 1:37 | Create | Villager (Male) |
| 2:06 | Create | Villager (Male) |
| 2:29 | Create | Villager (Male) |
| 2:55 | Create | Villager (Male) |
| 2:55 | Create | Villager (Male) |
| 3:22 | Create | Villager (Male) |
| 3:37 | Build | Palisade Wall |
| 3:38 | Build | Palisade Wall |
| 3:44 | Build | Palisade Wall |
| 3:48 | Build | Palisade Wall |
| 3:49 | Build | Palisade Wall |
| 3:52 | Build | Palisade Wall |
| 3:54 | Build | Palisade Wall |
| 3:55 | Create | Villager (Male) |
| 4:20 | Create | Villager (Male) |
| 4:36 | Create | Villager (Male) |
| 4:47 | Create | Villager (Male) |
| 5:09 | Build | Barracks |
| 5:12 | Create | Villager (Male) |
| 5:23 | Create | Villager (Male) |
| 5:34 | Create | Villager (Male) |
| 5:39 | Build | House |
| 5:58 | Create | Villager (Male) |
| 6:01 | Create | Villager (Male) |
| 6:01 | Create | Villager (Male) |
| 6:05 | Create | Militia |
| 6:05 | Create | Militia |
| 6:30 | Create | Villager (Male) |
| 6:49 | Create | Villager (Male) |
| 7:00 | Build | Mill |
| 7:03 | Create | Militia |
| 7:03 | Create | Militia |
| 7:03 | Create | Militia |
| 7:33 | Create | Villager (Male) |
| 7:35 | Build | House |
| 7:58 | Build | Lumber Camp |
| 8:11 | Create | Villager (Male) |
| 8:38 | Create | Villager (Male) |
| 8:46 | Create | Villager (Male) |
Match timeline
| 3:37 | DYN_BenderGC · wall_segment Palisade Wall x1 |
| 3:38 | DYN_BenderGC · wall_segment Palisade Wall x1 |
| 3:44 | DYN_BenderGC · wall_segment Palisade Wall x1 |
| 3:48 | DYN_BenderGC · wall_segment Palisade Wall x1 |
| 3:49 | DYN_BenderGC · wall_segment Palisade Wall x1 |
| 3:52 | DYN_BenderGC · wall_segment Palisade Wall x1 |
| 3:54 | DYN_BenderGC · wall_segment Palisade Wall x1 |
| 5:09 | DYN_BenderGC · first_building Barracks |
| 6:40 | avlid · first_building Barracks |
| 7:20 | avlid · wall_segment Palisade Wall x1 |
| 9:01 | DYN_BenderGC · resign |
[ AI ANALYSIS · 1 CREDIT ]
What really happened in this match?
Wolo.gg analyzes every decision: build order, eco, micro, common mistakes by bracket. Personalized analysis on WhatsApp or Discord in 30 seconds.
Civ guide
Saracens
Perfil
Jugador #254645